 Dungeon Crawl Stone Soup version 0.28-a0-1206-g193881aaa2 (webtiles) character file.

Game seed: 9687290565756115752

379 siradein the Skirmisher (level 6, -5/60 HPs)
             Began as a Draconian Abyssal Knight on Dec 21, 2021.
             Was an Elder of Lugonu.
             Slain by a black bear (11 damage)
             ... on level 5 of the Dungeon.
             The game lasted 00:22:21 (5318 turns).

siradein the Skirmisher (Draconian Abyssal Knight)  Turns: 5318, Time: 00:22:22

Health: -5/60      AC:  7    Str: 17    XL:     6   Next: 45%
Magic:  9/9        EV: 12    Int: 11    God:    Lugonu [****..]
Gold:   254        SH:  0    Dex: 11    Spells: 5/5 levels left

rFire   . . .      SeeInvis .   m - +0 flail
rCold   . . .      Faith    .   (no shield)
rNeg    . . .      Spirit   .   (armour unavailable)
rPois   .          Reflect  .   (helmet restricted)
rElec   .          Harm     .   (no cloak)
rCorr   .          Rampage  .   n - +0 pair of gloves
Will    .....      Clarity  +   (no boots)
Stlth   +.........              (no amulet)
HPRegen 0.20/turn               (no ring)
MPRegen 0.11/turn               (no ring)

@: no status effects
A: AC +6, unfitting armour, cold-blooded, clarity, robust 1
a: Renounce Religion, Depart the Abyss, Bend Space, Banish, Corrupt


You were on level 5 of the Dungeon.
You worshipped Lugonu.
Lugonu was greatly pleased with you.
You visited 1 branch of the dungeon, and saw 5 of its levels.
You visited the Abyss 1 time.
You also visited: Sewer.

You collected 254 gold pieces.

Inventory:

Hand Weapons
 m - a +0 flail (weapon)
Missiles
 e - 21 poisoned darts
Armour
 n - a +0 pair of gloves (worn)
Wands
 r - a wand of flame (16)
Scrolls
 a - a scroll of fog
 c - a scroll of teleportation
 d - 2 scrolls of enchant armour {unknown}
 h - a scroll of amnesia {unknown}
 i - 2 scrolls of magic mapping {unknown}
 k - a scroll of enchant weapon {unknown}
 p - a scroll of vulnerability {unknown}
 s - a scroll of noise {unknown}
Potions
 b - 2 potions of heal wounds
 f - a potion of lignification {unknown}
 g - 2 potions of curing
 j - 2 potions of brilliance {unknown}
 l - 5 potions of flight
 o - a potion of resistance {unknown}
 q - a potion of attraction {unknown}


   Skills:
 + Level 4.9 Fighting
 + Level 3.7 Maces & Flails
 + Level 3.6 Dodging
 * Level 4.1 Invocations


You had 5 spell levels left.
You didn't know any spells.
Your spell library contained the following spells:

 Spells                   Type           Power      Damage    Failure   Level
 Inner Flame              Hex/Fire       0%         N/A       71%         3
 Cause Fear               Hex            0%         N/A       98%         4
 Discord                  Hex            0%         N/A       100%        8


Dungeon Overview and Level Annotations

Branches:
Dungeon (5/15)              Sewer (visited)
 Temple: D:4-7

Altars:
The Shining One

Shops:
D:1 *

Annotations:
D:4 2 runed translucent doors, Crazy Yiuf; SensoryNuts's ghost, amateur DsFi


Innate Abilities, Weirdness & Mutations

Your plain brown scales are hard. (AC +6)
You cannot fit into any form of body armour.
You are cold-blooded and may be slowed by cold attacks.
You possess an exceptional clarity of mind.
You are robust. (+10% HP)


Message History

The black bear claws you but does no damage.
The black bear closely misses you.
You hit the black bear.
The black bear is severely wounded.
The quokka closely misses you.
The black bear goes berserk!
The quokka bites you but does no damage.
You barely miss the black bear. You tail-slap the black bear.
The black bear is almost dead.
The black bear bites you.
The black bear claws you but does no damage.
The black bear closely misses you. The quokka closely misses you.
The black bear barely misses you. The black bear closely misses you.
The black bear barely misses you.
You hit the black bear. You tail-slap the black bear.
The black bear is almost dead.
The black bear bites you. The black bear closely misses you.
The black bear claws you but does no damage.
The quokka barely misses you.
The black bear bites you but does no damage.
The black bear claws you. x2; The quokka misses you.
You are too injured to fight recklessly!
Abil: Banish
Press: ? - help, Q - select action, (/) - cycle Shift-Dir - straight line, f - black bear
Aim: a black bear (almost dead, berserk, chance to affect: 83%)
You fail to use your ability.
The black bear bites you!
* * * LOW HITPOINT WARNING * * *
The black bear closely misses you. The black bear claws you.
* * * LOW HITPOINT WARNING * * *
The quokka bites you but does no damage.
Abil: Banish
Press: ? - help, Q - select action, (/) - cycle Shift-Dir - straight line, f/p - black bear
Aim: a black bear (almost dead, berserk, chance to affect: 83%)
You fail to use your ability.
The black bear bites you.
* * * LOW HITPOINT WARNING * * *
The black bear claws you but does no damage.
The black bear closely misses you. The quokka completely misses you.
The black bear bites you!
You die...

.# # ##.## #.
.>.. #..#####..#
##
#...>.....##...
#............ .
#.........# ...
#......<..##.....
#........@r......
#........#h......
#.#####..#.......
# #..........
...........
............
....#........
..... .......)


You could see a black bear (berserk) and a quokka.

Vanquished Creatures
  A bullfrog zombie (D:4)
  An orc wizard (D:4)
  2 hound skeletons (D:4)
  2 gnolls
  A river rat (D:3)
  An adder (D:2)
  9 worms
  2 dart slugs
  7 orcs
  10 ball pythons
  18 endoplasms
  4 giant cockroaches
  6 goblins
  13 hobgoblins
  11 jackals
  8 quokkas
  17 bats
  4 frilled lizards
  5 kobolds
  5 rats
127 creatures vanquished.

Notes
Turn   | Place    | Note
-------+----------+-------------------------------------------
     0 | Abyss:1  | siradein the Draconian Abyssal Knight began the quest for
                  | the Orb.
     0 | Abyss:1  | Reached XP level 1. HP: 19/19 MP: 2/2
    21 | D:1      | Escaped the Abyss
   141 | D:1      | Reached XP level 2. HP: 26/26 MP: 3/3
   543 | D:1      | Reached ** piety under Lugonu
   843 | D:1      | Reached XP level 3. HP: 24/33 MP: 4/4
   932 | D:1      | Found a faded altar of an unknown god.
   989 | D:1      | Found Mawicevu's Assorted Antiques.
  2016 | D:3      | Reached XP level 4. HP: 38/40 MP: 6/6
  2203 | D:3      | Reached *** piety under Lugonu
  2227 | D:3      | Found a glowing drain.
  2258 | Sewer    | Entered a sewer
  2872 | Sewer    | Reached XP level 5. HP: 26/46 MP: 7/7
  3040 | Sewer    | Gained mutation: You are robust. (+10% HP) [potion of
                  | mutation]
  3040 | Sewer    | Gained mutation: You possess an exceptional clarity of
                  | mind. [potion of mutation]
  4052 | D:3      | Found a glowing golden altar of the Shining One.
  4116 | D:4      | Reached **** piety under Lugonu
  4365 | D:4      | Noticed an ogre
  4366 | D:4      | Banished an ogre
  4367 | D:4      | Reached XP level 6. HP: 58/58 MP: 3/8
  4980 | D:4      | Found a runed translucent door.
  4980 | D:4      | Noticed SensoryNuts's ghost (amateur DsFi)
  5021 | D:4      | Found a runed translucent door.
  5022 | D:4      | Noticed Crazy Yiuf
  5300 | D:5      | Entered Level 5 of the Dungeon
  5318 | D:5      | Slain by a black bear

Illustrated notes

Levels and vault maps discovered:
D:1:      dpeg_arrival_concentric_ovals, layout_rooms, serial_shops,
          nicolae_diamond_shop, shapermc_ecumenical_altar_petra
D:2:      layout_basic
D:3:      layout_loops_ring, tso_altar, portal_sewer_entry_e, minmay_quantized
D:4:      layout_cave_pools, gammafunk_ghost_grave, hangedman_decor_points,
          minmay_three_crescents, uniq_crazy_yiuf_cottage
D:5:      layout_basic, mainiacjoe_overflow_six_doors_small, uniq_edmund,
          uniq_ijyb, uniq_grinder, uniq_blork_the_orc

Skill      XL: |  1  2  3  4  5  6 |
---------------+-------------------+-----
Fighting       | 4 |  4.9
Invocations    | 3 4 |  4.1
Dodging        | 3 |  3.6
Maces & Flails | 3 |  3.7

Action                   |  1- 3 |  4- 6 || total
-------------------------+-------+-------++-------
Melee: Mace              |   127 |   160 ||   287
       Tailslap          |     9 |    36 ||    45
       Flail             |       |   129 ||   129
Invok: Banish            |       |     1 ||     1
  Use: Scroll            |     3 |     1 ||     4
       Potion            |       |     2 ||     2
 Stab: Sleeping          |     3 |     1 ||     4
       Distracted        |       |     1 ||     1
Armor: Skin              |    38 |   117 ||   155
Dodge: Dodged            |   100 |   246 ||   346

Table legend: (Time is in decaauts)
 A = Elapsed time spent in this place.
 B = Non-inter-level travel time spent in this place.
 C = Inter-level travel time spent in this place.
 D = Time resting spent in this place.
 E = Time spent auto-exploring this place.
 F = Levels seen in this place.
 G = Mean time per level.
                   A        B        C        D        E       F      G
               +--------+--------+--------+--------+--------+-----+--------+
         Total |   5586 |   5494 |     92 |    234 |   3849 |   7 |  798.0 |
       Dungeon |   4379 |   4287 |     92 |    234 |   3030 |   5 |  875.8 |
         Abyss |     21 |     21 |      0 |      0 |     13 |   1 |   21.0 |
         Sewer |   1185 |   1185 |      0 |      0 |    806 |   1 | 1185.0 |
               +--------+--------+--------+--------+--------+-----+--------+

Top non-repeatable levels by time:
   Sewer: 1185 daAuts
     D:4: 1160 daAuts
     D:3: 1120 daAuts
     D:1: 1046 daAuts
     D:2: 1031 daAuts
 Abyss:1: 21 daAuts
     D:5: 20 daAuts
